 Dungeon Crawl Stone Soup version 0.31-a0-222-gefeffbb62a (webtiles) character file.

Game seed: 2885706127465798597

67 qw the Chopper (level 4, 0/28 HPs)
             Began as a Gargoyle Fighter on July 5, 2023.
             Slain by Sigmund
             ... wielding a +0 scythe
              (3 damage)
             ... on level 2 of the Dungeon.
             The game lasted 00:00:40 (908 turns).

qw the Chopper (Gargoyle Fighter)                    Turns: 908, Time: 00:00:41

Health: 0/28       AC: 11    Str: 21    XL:     4   Next: 16%
Magic:  4/4        EV:  9    Int:  9    God:
Gold:   108        SH:  4    Dex:  9    Spells: 3/3 levels left

rFire   . . .        Y - +2 war axe (venom)
rCold   + . .        c - +0 buckler
rNeg    + . .        b - +0 scale mail
rPois   inf          n - +0 helmet
rElec   +            (no cloak)
rCorr   .            (no gloves)
SInv    .            (no boots)
Will    .....        (no amulet) Stlth
                     t - ring of protection from cold
HPRegen 0.24/turn    (no ring)
MPRegen 0.09/turn

%: no passive effects
@: no status effects
A: sickness immunity, AC +3, negative energy resistance 1, electricity
resistance, torment resistance 1, petrification resistance
a: no special abilities


You were on level 2 of the Dungeon.
You visited 1 branch of the dungeon, and saw 2 of its levels.

You collected 108 gold pieces.


Innate Abilities, Weirdness & Mutations

You are immune to sickness and miasma.
Your stone body is resilient. (AC +3)
You are immune to poison.
You resist negative energy. (rN+)
You are resistant to electric shocks. (rElec)
You are resistant to unholy torment.
You are immune to petrification.


   Skills:
 - Level 3.2 Fighting
 + Level 3.9 Axes
 - Level 3.2 Armour
 - Level 3.2 Shields


You had 3 spell levels left.
You didn't know any spells.
Your spell library was empty.

Inventory:

Hand Weapons
 g - a +0 mace
 Y - a +2 war axe of venom (weapon)
Missiles
 o - 4 silver boomerangs (quivered)
Armour
 b - a +0 scale mail (worn)
 c - a +0 buckler (worn)
 e - the +2 scale mail of Bitterness {Int+4}
   (You found it on level 2 of the Dungeon)

   Int:       It affects your intelligence (+4).
 n - a +0 helmet (worn)
Jewellery
 t - a ring of protection from cold (left hand)
Scrolls
 a - a scroll of identify
 h - a scroll of revelation {unknown}
 m - a scroll of teleportation
Potions
 d - a potion of might
 f - a potion of heal wounds
 j - a potion of magic
 k - a potion of curing {unknown}
 l - a potion of mutation {unknown}
 q - a potion of attraction {unknown}

Dungeon Overview and Level Annotations

Branches:
Dungeon (2/15)

Altars:

Annotations:
D:2 Sigmund


Message History

Deactivating autopickup; reactivate with Ctrl-A.
You barely miss the giant cockroach.
The giant cockroach bites you but does no damage.
Something hits you but does no damage.
The giant cockroach bites you but does no damage.
You slash the giant cockroach!
You kill the giant cockroach!
You swing at nothing.
Something hits you.
You swing at nothing.
Something hits you but does no damage.
You swing at nothing.
Something hits you.
You swing at nothing.
Something hits you but does no damage.
You swing at nothing.
Something hits you but does no damage.
You swing at nothing.
A magic dart appears from out of thin air!
The magic dart hits you!
You swing at nothing.
Something hits you.
You swing at nothing.
Something hits you but does no damage.
You swing at nothing.
Something hits you but does no damage.
You swing at nothing.
You hear some strange, mumbled words.
A puff of flame appears from out of thin air!
The puff of flame hits you.
You swing at nothing.
A magic dart appears from out of thin air!
The magic dart hits you but does no damage.
You swing at nothing.
Something hits you.
You swing at nothing.
Something hits you but does no damage.
You swing at nothing.
Something hits you.
You die...

#.#.## # #....##.#
#.....#.## ####........
..#.....#.# #.##...##.####
#.###..!{..@.#
#......$#.##... # #.#####@#
# ### #.#####.# #.#.# ...
#.......# #.#.# ## ####.#
####.#### #.#.# ... >....#
#.# #.#.##..##.####..#
#%########.#.##..##........
#.............#..##..###..#
##########.#.(#..##..###..#
#.................


There were no monsters in sight!

Vanquished Creatures
  Jessica (D:2)
  3 dart slugs
  2 endoplasms (D:1)
  2 giant cockroaches
  3 hobgoblins
  4 jackals (D:1)
  A kobold (D:1)
  A quokka (D:2)
  A ball python (D:1)
  4 bats
  6 frilled lizards
  A goblin (D:1)
  9 rats (D:1)
38 creatures vanquished.

Notes
Turn   | Place    | Note
-------+----------+-------------------------------------------
     0 | D:1      | qw the Gargoyle Fighter began the quest for the Orb.
     0 | D:1      | Reached XP level 1. HP: 14/14 MP: 1/1
     0 | D:1      | 0 ||| qw: Version: 0.3-a-46-gb1f654a
     0 | D:1      | 0 ||| qw: Game counter: 1027
     0 | D:1      | 0 ||| qw: Melee chars always use a shield: true
     0 | D:1      | 0 ||| qw: God list: Okawaru
     0 | D:1      | 0 ||| qw: Allow faded altars: false
     0 | D:1      | 0 ||| qw: Do Orc after clearing Dungeon:15 true
     0 | D:1      | 0 ||| qw: Do second Lair branch before Depths: true
     0 | D:1      | 0 ||| qw: Lair rune preference: random
     0 | D:1      | 0 ||| qw: Goals: Normal, Zot:1-4, Slime:5, God:TSO, Crypt,
                  | Tomb, Abyss, Pan, Hells, Win
     0 | D:1      | 0 ||| PLANNING D:1-11
   147 | D:1      | Reached XP level 2. HP: 19/19 MP: 2/2
   157 | D:1      | 157 ||| Stepping ~*~*~tactically~*~*~ (hiding).
   284 | D:1      | 284 ||| Stepping ~*~*~tactically~*~*~ (stealth).
   467 | D:1      | Reached skill level 3 in Axes
   511 | D:1      | Reached XP level 3. HP: 23/23 MP: 3/3
   667 | D:1      | 667 ||| UPGRADING to +0 helmet.
   672 | D:1      | 672 ||| UPGRADING to ring of protection from cold.
   673 | D:1      | 673 ||| READING 3 scrolls labelled LICUKO NOPN.
   674 | D:1      | 674 ||| READING 2 scrolls labelled BEIQAS MALASA.
   675 | D:1      | 675 ||| READING scroll of enchant weapon.
   675 | D:1      | 675 ||| ENCHANTING +1 war axe.
   676 | D:1      | 676 ||| READING scroll labelled IGRAIQ ZUDD.
   677 | D:1      | 677 ||| READING scroll labelled RINOACRI SIUSHULE.
   678 | D:1      | 678 ||| READING 2 scrolls labelled YPTULISYEZ.
   683 | D:1      | 683 ||| READING scroll labelled POGHIL QYWOE.
   684 | D:1      | 684 ||| READING scroll labelled MUBINU KYICHU.
   685 | D:1      | 685 ||| READING 2 scrolls labelled QAIKUB UNLU.
   699 | D:1      | 699 ||| READING 2 scrolls of identify.
   699 | D:1      | 699 ||| IDENTIFYING yellow potion
   700 | D:1      | 700 ||| DROPPING scroll of torment.
   725 | D:2      | Identified the +2 scale mail of Bitterness {Int+4}
   801 | D:2      | Noticed Jessica
   810 | D:2      | Killed Jessica
   811 | D:2      | Reached XP level 4. HP: 20/28 MP: 4/4
   858 | D:2      | 858 ||| Stepping ~*~*~tactically~*~*~ (stealth).
   886 | D:2      | 886 ||| Stepping ~*~*~tactically~*~*~ (stealth).
   887 | D:2      | 887 ||| Stepping ~*~*~tactically~*~*~ (stealth).
   889 | D:2      | Noticed Sigmund
   890 | D:2      | 890 ||| Stepping ~*~*~tactically~*~*~ (hiding).
   904 | D:2      | HP: 6/28 [something/puff of flame (6)]
   906 | D:2      | HP: 2/28 [something (5)]
   908 | D:2      | Slain by Sigmund

Levels and vault maps discovered:
D:1:      dpeg_arrival_orchard, layout_rooms, minmay_rat_gold_closets
D:2:      layout_loops_ring, serial_shops, shop, uniq_sigmund, uniq_jessica,
          uniq_robin

Skill      XL: |  1  2 |
---------------+-------+-----
Axes           | 2 3 |  3.9
Fighting       | |  3.2
Armour         | |  3.2
Shields        | |  3.2

Action                     |  1- 3 |  4- 6 || total
---------------------------+-------+-------++-------
  Melee: War axe           |    83 |     5 ||    88
  Throw: Boomerang         |    18 |     9 ||    27
    Use: Scroll            |    10 |       ||    10
 Armour: Scale mail        |    38 |    12 ||    50
  Dodge: Dodged            |    41 |       ||    41
  Block: Buckler           |    17 |       ||    17

Table legend:
 A = Non-vault XP
 B = Vault XP
 C = Vault XP percentage of total XP
 D = Non-vault monster count
 E = Vault monster count
 F = Vault count percentage of total count
                 A         B        C        D         E       F
            +---------+---------+-------+---------+---------+-------
      Total |      50 |      46 |  47.9 |      28 |      10 |  26.3
            +---------+---------+-------+---------+---------+-------
        D:1 |      32 |       9 |  22.0 |      19 |       9 |  32.1
        D:2 |      18 |      37 |  67.3 |       9 |       1 |  10.0
            +---------+---------+-------+---------+---------+-------
